 Dungeon Crawl Stone Soup version 0.22.0-40-g68aacdc4c8 (webtiles) character file.

146 Kaderl the Charmwright (level 5, -2/39 HPs)
             Began as a Human Skald on Sept 1, 2018.
             Slain by an orc priest
             ... wielding a +0 mace of protection
              (4 damage)
             ... on level 3 of the Dungeon.
             The game lasted 00:12:09 (2062 turns).

Kaderl the Charmwright (Human Skald)                Turns: 2062, Time: 00:12:09

Health: -2/39      AC:  4    Str: 11    XL:     5   Next: 53%
Magic:  6/8        EV: 12    Int: 13    God:
Gold:   199        SH:  0    Dex: 14    Spells: 6/9 levels left

rFire    . . .     SeeInvis .   a - +0 spear
rCold    . . .     Gourm    .   (no shield)
rNeg     . . .     Faith    .   b - +1 leather armour
rPois    .         Spirit   .   (no helmet)
rElec    .         Reflect  .   (no cloak)
rCorr    .         Harm     .   (no gloves)
MR       .....                  (no boots)
Stlth    +.........             (no amulet)
HPRegen  0.13/turn              (no ring)
MPRegen  0.11/turn              (no ring)

@: no status effects
A: no striking features
a: no special abilities


You were on level 3 of the Dungeon.
You were full.

You visited 1 branch of the dungeon, and saw 3 of its levels.

You collected 199 gold pieces.

Inventory:

Hand Weapons
 a - a +0 spear (weapon)
Armour
 b - a +1 leather armour (worn)
Jewellery
 m - an uncursed ring of see invisible {unknown}
 n - an uncursed amulet of guardian spirit {unknown}
Scrolls
 e - a scroll of enchant armour
 f - 3 scrolls of identify
 h - 2 scrolls of teleportation
 l - a scroll of amnesia {unknown}
 o - a scroll of fear {unknown}
Potions
 c - a potion of might {unknown}
 g - 2 potions of curing
 i - a potion of brilliance {unknown}
 j - 3 potions of mutation {unknown}
 k - a potion of berserk rage {unknown}
 p - a potion of heal wounds {unknown}
Comestibles
 d - 5 rations


   Skills:
 + Level 2.4 Fighting
 * Level 3.6 Polearms
 + Level 1.6 Armour
 + Level 2.2 Dodging
 + Level 0.2 Stealth
 + Level 2.5 Spellcasting
 + Level 3.7 Charms


You had 6 spell levels left.
You knew the following spells:

 Your Spells              Type           Power        Failure   Level  Hunger
a - Infusion              Chrm           ##..         7%          1    #......
b - Shroud of Golubria    Chrm/Tloc      #.........   22%         2    ###....

Your spell library contained the following spells:

 Spells                   Type           Power        Failure   Level  Hunger
 Song of Slaying          Chrm           ##......     10%         2    ###....
 Magic Dart               Conj           #...         32%         1    #......
 Regeneration             Chrm/Necr      #.........   41%         3    ###....
 Spectral Weapon          Hex/Chrm       #.......     41%         3    ###....
 Blink                    Tloc           N/A          43%         2    ###....
 Call Imp                 Summ           #.......     43%         2    ###....
 Slow                     Hex            #.......     43%         2    ###....
 Conjure Flame            Conj/Fire      #.......     67%         3    ###....
 Mephitic Cloud           Conj/Pois/Air  #.......     67%         3    ###....


Dungeon Overview and Level Annotations

Branches:
Dungeon (3/15)

Altars:


Message History

Aim: an orc priest, wielding a mace of protection (heavily wounded)
You hit the orc priest.
The orc priest is almost dead.
The orc priest closely misses you.
Attack whom?
Press: ? - help, Dir - move target cursor, f/p - orc priest
Aim: an orc priest, wielding a mace of protection (almost dead)
You hit the orc priest but do no damage.
The orc priest is almost dead.
Your shroud unravels.
The orc priest calls down the wrath of Beogh upon you.
Beogh smites you!
* * * LOW HITPOINT WARNING * * *
Attack whom?
Press: ? - help, Dir - move target cursor, f/p - orc priest
Aim: an orc priest, wielding a mace of protection (almost dead)
You hit the orc priest.
The orc priest is almost dead.
The orc priest hits you with a mace of protection.
You die...

######## ........
#### ...####.####...
......... ....#
...####.# #..#
..#####.####..#######
.....#..........@o..#
##............#####.#
#...#........#
#..##.####.#.# #.
...... #.....# #.#.#
#. ..... ##.####
#.#.# #.#.... #.##
#.#.# #.#... #..#
#.#.#####..... ##.#
#...........#


You could see an orc priest.

Vanquished Creatures
  An orc priest (D:3)
  3 adders (D:2)
  2 oozes (D:2)
  An adder zombie (D:3)
  2 worms
  A dart slug (D:1)
  3 leopard geckos
  6 orcs (D:3)
  11 bats
  3 giant cockroaches
  12 goblins
  5 hobgoblins
  3 kobolds
  A quokka (D:2)
  2 ball pythons (D:3)
  2 frilled lizards
  3 rats
61 creatures vanquished.

Notes
Turn   | Place    | Note
-------+----------+-------------------------------------------
     0 | D:1      | Kaderl the Human Skald began the quest for the Orb.
     0 | D:1      | Reached XP level 1. HP: 16/16 MP: 3/3
     3 | D:1      | Noticed a merfolk zombie
    13 | D:1      | Noticed a merfolk zombie
    16 | D:1      | Noticed a merfolk zombie
    95 | D:2      | Reached XP level 2. HP: 22/22 MP: 5/5
   225 | D:2      | Reached XP level 3. HP: 14/27 MP: 2/6
   823 | D:2      | Reached XP level 4. HP: 33/33 MP: 7/7
  1653 | D:3      | Reached XP level 5. HP: 38/38 MP: 4/8
  1971 | D:3      | Learned a level 2 spell: Shroud of Golubria
  2062 | D:3      | Slain by an orc priest

Skill      XL: |  1  2  3  4 |
---------------+-------------+-----
Polearms       | 3 |  3.6
Fighting       | |  2.4
Armour         | |  1.6
Dodging        | |  2.2
Stealth        | |  0.2
Spellcasting   | |  2.5
Charms         | |  3.7

Action                   |  1- 3 |  4- 6 || total
-------------------------+-------+-------++-------
Melee: Spear             |    83 |   131 ||   214
 Cast: Infusion          |     3 |    11 ||    14
       Shroud of Golubri |       |     2 ||     2
  Use: Scroll            |     2 |     1 ||     3
 Stab: Sleeping          |     1 |     1 ||     2
  Eat: Ration            |       |     3 ||     3
Armor: Leather armour    |    18 |    20 ||    38
Dodge: Dodged            |    55 |    53 ||   108
